 Dungeon Crawl Stone Soup version 0.27-a0-1442-g87b6fcb595 (webtiles) character file.

Game seed: 11608489336984758528

9533 Brandom the Fighter (level 11, -3/101 HPs)
             Began as a Purple Draconian Abyssal Knight on July 4, 2021.
             Was an Elder of Lugonu.
             Slain by a phantasmal warrior (24 damage)
             ... on level 10 of the Dungeon.
             The game lasted 00:49:39 (12528 turns).

Brandom the Fighter (DrAK)                         Turns: 12528, Time: 00:49:40

Health: -3/101     AC: 16    Str: 17    XL:     11   Next: 24%
Magic:  14/16      EV: 14    Int: 16    God:    Lugonu [****..]
Gold:   1042       SH:  9    Dex: 13    Spells: 2/12 levels left

rFire    + . .     SeeInvis +   a - +1 hand axe (drain)
rCold    . . .     Faith    .   L - +0 buckler
rNeg     . . .     Spirit   .   (armour unavailable)
rPois    .         Reflect  +   (helmet restricted)
rElec    +         Harm     .   b - +5 cloak of Gim Ihod {+Blink}
rCorr    .         Rampage  .   I - +1 pair of gloves
Will     .....                  m - +0 pair of boots
Stlth    +.........             c - amulet of reflection
HPRegen  0.26/turn              J - +6 ring of strength
MPRegen  0.15/turn              v - ring of Cihar {rElec rF+ Str-3 Dex+2 SInv}

@: weak-willed, very slightly contaminated
A: breathe power, AC +7, unfitting armour, cold-blooded
a: Breathe Dispelling Energy, Renounce Religion, Evoke Blink, Depart the Abyss,
Bend Space, Banish, Corrupt


You were on level 10 of the Dungeon.
You worshipped Lugonu.
Lugonu was greatly pleased with you.
You visited 1 branch of the dungeon, and saw 10 of its levels.
You visited the Abyss 1 time.

You collected 1042 gold pieces.

Inventory:

Hand Weapons
 a - a +1 hand axe of draining (weapon)
Missiles
 d - 474 stones
 l - 5 silver boomerangs (quivered)
 q - 18 poisoned darts
Armour
 b - the +5 cloak of Gim Ihod (worn) {+Blink}
   (You acquired it on level 5 of the Dungeon)

   +Blink:    It lets you blink.
 m - a +0 pair of boots (worn)
   (You found it on level 2 of the Dungeon)
 I - a +1 pair of gloves (worn)
   (You found it on level 7 of the Dungeon)
 L - a +0 buckler (worn)
   (You found it on level 8 of the Dungeon)
Magical Staves
 p - a staff of earth
   (You found it on level 3 of the Dungeon)
Jewellery
 c - an amulet of reflection (around neck)
   (You found it on level 4 of the Dungeon)
 v - the ring of Cihar (right hand) {rElec rF+ Str-3 Dex+2 SInv}
   (You acquired it on level 5 of the Dungeon)

   [ring of see invisible]

   Str:       It affects your strength (-3).
   Dex:       It affects your dexterity (+2).
   rF:        It protects you from fire.
   rElec:     It insulates you from electricity.
   SInv:      It lets you see invisible.
 y - a +6 ring of dexterity
   (You found it on level 6 of the Dungeon)
 J - a +6 ring of strength (left hand)
   (You found it on level 4 of the Dungeon)
 M - an amulet of guardian spirit
   (You found it on level 9 of the Dungeon)
 N - a ring of fire
   (You found it on level 9 of the Dungeon)
 O - a +4 ring of slaying
   (You found it on level 9 of the Dungeon)
Wands
 t - a wand of flame (11)
   (You found it on level 7 of the Dungeon)
 u - a wand of paralysis (7)
   (You took it off a kobold on level 9 of the Dungeon)
 w - a wand of polymorph (10)
   (You found it on level 5 of the Dungeon)
 D - a wand of mindburst (17)
   (You found it on level 6 of the Dungeon)
Scrolls
 g - 3 scrolls of magic mapping
 h - a scroll of blinking
 i - 5 scrolls of teleportation {@r4}
 j - 2 scrolls of fear {unknown}
 k - a scroll of torment {!r}
 r - a scroll of silence
 s - 2 scrolls of amnesia
 x - a scroll of vulnerability {!r}
 B - a scroll of immolation {unknown}
 C - a scroll of fog
 E - a scroll of enchant weapon
 F - 2 scrolls of brand weapon
 G - 2 scrolls of enchant armour
 H - a scroll of noise {!r}
 P - a scroll of identify {@r1}
Potions
 e - a potion of degeneration {!q}
 f - 4 potions of heal wounds {@q2}
 n - a potion of lignification {!q}
 o - 6 potions of flight
 z - 4 potions of mutation {!q}
 A - a potion of attraction {!q}
 K - a potion of magic {unknown}
 Q - 10 potions of curing {@q1}


   Skills:
 * Level 10.9 Fighting
 + Level 7.1 Axes
 + Level 6.4 Dodging
 + Level 3.0 Shields
 - Level 1.2 Spellcasting
 + Level 7.0 Hexes
 + Level 4.3 Summonings
 - Level 1.0 Transmutations
 - Level 1.0 Earth Magic
 + Level 7.5 Invocations
 + Level 2.3 Evocations


You had 2 spell levels left.
You knew the following spells:

 Your Spells              Type           Power      Damage    Failure   Level
a - Tukima's Dance        Hex            23%        N/A       4%          3
b - Passwall              Tmut/Erth      3%         N/A       26%         2
c - Summon Mana Viper     Hex/Summ       19%        N/A       54%         5

Your spell library contained the following spells:

 Spells                   Type           Power      Damage    Failure   Level
 Corona                   Hex            25%        N/A       1%          1
 Summon Small Mammal      Summ           56%        N/A       4%          1
 Ensorcelled Hibernation  Hex/Ice        24%        N/A       9%          2
 Animate Skeleton         Necr           0%         N/A       26%         1
 Apportation              Tloc           0%         N/A       26%         1
 Freeze                   Ice            0%         1d3       26%         1
 Pain                     Necr           0%         1d4       26%         1
 Summon Guardian Golem    Hex/Summ       19%        N/A       7%          3
 Call Canine Familiar     Summ           14%        N/A       12%         3
 Dazzling Flash           Conj/Hex       24%        N/A       19%         3
 Portal Projectile        Hex/Tloc       24%        N/A       19%         3
 Leda's Liquefaction      Hex/Erth       6%         N/A       43%         4
 Spider Form              Tmut/Pois      1%         N/A       52%         3
 Stone Arrow              Conj/Erth      4%         3d7       52%         3
 Frozen Ramparts          Ice            0%         1d2       58%         3
 Gell's Gravitas          Tloc           0%         N/A       58%         3
 Lesser Beckoning         Tloc           0%         N/A       58%         3
 Swiftness                Air            0%         N/A       58%         3
 Teleport Other           Tloc           0%         N/A       58%         3
 Vampiric Draining        Necr           0%         2d6       58%         3
 Invisibility             Hex            11%        N/A       91%         6
 Hailstorm                Conj/Ice       0%         3d3       94%         4
 Iskenderun's Mystic Bla  Conj/Tloc      0%         2d3       94%         4
 Summon Forest            Summ/Tloc      3%         N/A       96%         5
 Shadow Creatures         Summ           N/A        N/A       99%         6
 Manifold Assault         Tloc           0%         N/A       100%        5
 Starburst                Conj/Fire      0%         8x6d3     100%        6
 Lehudib's Crystal Spear  Conj/Erth      1%         10d2      100%        8
 Death's Door             Necr           0%         N/A       100%        9
 Animate Armour           Summ/Erth      Unusable   N/A       N/A         4

Dungeon Overview and Level Annotations

Branches:
Dungeon (10/15)            Temple (0/1) D:4
   Lair: D:8-11         Orc: D:9-12

Altars:
Elyvilon
Nemelex Xobeh

Shops:
D:3 [

Annotations:
D:9 1 runed translucent door, 2 transporters, emiel's ghost, novice DsBe


Innate Abilities, Weirdness & Mutations

You can breathe bolts of dispelling energy.
Your rich purple scales are hard. (AC +7)
You cannot fit into any form of body armour.
You are cold-blooded and may be slowed by cold attacks.


Message History

The phantasmal warrior blinks!
You hit the phantasmal warrior but do no damage.
You block the phantasmal warrior's attack.
You barely miss the phantasmal warrior.
You hit the phantasmal warrior but do no damage.
The phantasmal warrior hits you!
You hit the phantasmal warrior. The phantasmal warrior misses you.
You barely miss the phantasmal warrior. The phantasmal warrior hits you!!
You hit the phantasmal warrior but do no damage.
You block the phantasmal warrior's attack.
You barely miss the phantasmal warrior. The phantasmal warrior hits you!
Your willpower is stripped away!
Unknown command.
As you read the scroll of teleportation {@r4}, it crumbles to dust.
You feel strangely unstable. The phantasmal warrior hits you!
* * * LOW HITPOINT WARNING * * *
You hit the phantasmal warrior. You tail-slap the phantasmal warrior.
The phantasmal warrior hits you!
* * * LOW HITPOINT WARNING * * *
Your surroundings suddenly seem different.
Splash!
You fall into the shallow water.
Moving in this stuff is going to be slow.
The centaur warrior shouts!
A steam dragon comes into view.
The steam dragon hisses angrily.
You hear a shout!
The centaur warrior wields a +0 shortbow.
The centaur warrior shoots an arrow.
The arrow hits you!
* * * LOW HITPOINT WARNING * * *
A centaur zombie comes into view.
Blink to where?
You can't see that place. [the floor.]
Okay, then.
Unknown command.
Unknown command.
Blink to where?
As you read the scroll of blinking, it crumbles to dust.
A phantasmal warrior comes into view.
The centaur warrior shoots an arrow.
You reflect the arrow off an invisible shield around you!
The arrow hits the centaur warrior!!
The phantasmal warrior blinks!
A guardian serpent comes into view.
Okay, then.
Okay, then.
A rock wall.
You miscast Passwall.
You are very lightly contaminated with residual magic.
Nothing appears to happen.
The phantasmal warrior hits you!!
You die...

###≈)≈≈.#.≈≈≈≈≈≈≈≈≈.# #..#
##..≈[≈...#≈≈≈##≈≈≈≈.# ##..##
)W.#≈≈≈≈..#..≈≈#≈≈§..# . #.....
...##≈≈≈≈.#.c.≈≈≈≈.D#.....##.....
....#≈≈≈≈#..#..≈≈...#ZS.#.#......
....##≈≈≈....≈≈≈≈≈≈..... ###..##
.....##≈≈≈.#.≈≈≈≈≈≈≈≈≈≈≈ #..##
.....####≈..≈≈≈≈≈≈≈≈≈≈#### #..##
.....# ####≈≈.W@≈≈####..# #..##
###..# #..###########...# #....
#................# #....
#........#####...# #....
#........# #...# #.... #........#
#...# #....
#........#####...####....
#...............)........
#########################


You could see a centaur warrior, a phantasmal warrior, a guardian serpent, a
steam dragon and a centaur zombie.

Vanquished Creatures
  An ugly thing (D:7)
  A cyclops (D:7)
  A gargoyle (D:10)
  A troll (D:9)
  A wyvern (D:7)
  A fire bat (D:6)
  A wraith (D:9)
  16 yaks
  3 swamp worms (D:8)
  An orc warrior (D:10)
  A sky beast (D:6)
  A hornet zombie (D:7)
  2 necrophages
  A black bear (D:3)
  An ice beast (D:5)
  4 ogres
  A centaur (D:5)
  A phantom (D:5)
  A kobold brigand (D:9)
  A bullfrog (D:7)
  A scorpion (D:4)
  Dowan (D:6)
  15 killer bees
  2 howler monkeys
  3 wights (D:9)
  5 centaur zombies
  2 bullfrog zombies
  2 jellies
  2 hounds
  2 orc priests
  A bullfrog skeleton (D:6)
  2 centaur skeletons (D:7)
  3 iguanas
  2 orc wizards
  3 gnolls (D:2)
  4 adders
  A shadow imp (D:7)
  A white imp (D:6)
  2 adder skeletons (D:4)
  A worm (D:2)
  14 orcs
  7 ball pythons
  5 bats
  5 endoplasms
  3 giant cockroaches
  12 goblins
  2 hobgoblins
  5 jackals
  3 quokkas
  5 frilled lizards
  15 kobolds
  4 rats
176 creatures vanquished.

Vanquished Creatures (collateral kills)
  3 two-headed ogres
  Eustachio (D:6)
  Duvessa (D:6)
  An orc warrior (D:8)
  A centaur (D:7)
  An orc wizard (D:9)
  3 orcs
11 creatures vanquished.

Vanquished Creatures (others)
  5 dancing weapons
  4 plants (D:8)
9 creatures vanquished.

Grand Total: 196 creatures vanquished

Notes
Turn   | Place    | Note
-------+----------+-------------------------------------------
     0 | Abyss:1  | Brandom the Draconian Abyssal Knight began the quest for
                  | the Orb.
     0 | Abyss:1  | Reached XP level 1. HP: 19/19 MP: 2/2
     5 | D:1      | Escaped the Abyss
   265 | D:1      | Reached XP level 2. HP: 24/26 MP: 3/3
   928 | D:1      | Reached ** piety under Lugonu
   962 | D:1      | Found a faded altar of an unknown god.
  1385 | D:2      | Reached XP level 3. HP: 33/33 MP: 4/4
  1726 | D:2      | Found a sparkling altar of Nemelex Xobeh.
  2081 | D:2      | Reached skill level 4 in Fighting
  2971 | D:2      | Reached XP level 4. HP: 40/40 MP: 5/5
  2975 | D:2      | Learned a level 3 spell: Tukima's Dance
  3158 | D:3      | Found Viutetwi's Antique Armour Shoppe.
  3513 | D:3      | Reached skill level 1 in Spellcasting
  3513 | D:3      | Reached XP level 5. HP: 40/47 MP: 7/7
  3978 | D:4      | Found a staircase to the Ecumenical Temple.
  3995 | D:4      | Reached skill level 1 in Hexes
  4038 | D:4      | Noticed a necrophage
  4064 | D:4      | Killed a necrophage
  4065 | D:4      | Reached skill level 5 in Fighting
  4065 | D:4      | Reached XP level 6. HP: 37/56 MP: 8/8
  4214 | D:4      | Reached *** piety under Lugonu
  4885 | D:4      | Found a white marble altar of Elyvilon.
  5089 | D:4      | Your scales start taking on a rich purple colour.
  5089 | D:4      | Reached XP level 7. HP: 43/62 MP: 3/9
  5635 | D:4      | Reached skill level 6 in Fighting
  5771 | D:5      | Entered Level 5 of the Dungeon
  5773 | D:5      | Identified 3 scrolls of acquirement
  5773 | D:5      | Acquired the ring of Cihar {rElec rF+ Str-3 Dex+2 SInv}
  5774 | D:5      | Acquired 370 gold pieces
  5775 | D:5      | Acquired the +5 cloak of Gim Ihod {+Blink}
  6858 | D:5      | Reached XP level 8. HP: 54/71 MP: 11/11
  6999 | D:6      | Noticed Dowan
  7007 | D:5      | Reached skill level 7 in Fighting
  7017 | D:6      | Noticed Duvessa
  7027 | D:6      | Killed Duvessa
  7036 | D:6      | Killed Dowan
  7212 | D:6      | Noticed a hornet
  7213 | D:6      | a hornet changed into a fire bat
  7362 | D:6      | Reached skill level 5 in Invocations
  7603 | D:6      | Noticed Eustachio
  7643 | D:6      | Killed Eustachio
  7644 | D:6      | Reached skill level 8 in Fighting
  7644 | D:6      | Reached skill level 5 in Axes
  7862 | D:6      | Learned a level 2 spell: Passwall
  7936 | D:7      | Reached XP level 9. HP: 80/81 MP: 13/13
  7995 | D:7      | Reached skill level 1 in Earth Magic
  8145 | D:7      | Reached skill level 1 in Transmutations
  8157 | D:7      | Identified the +4 great sword of Cocytus {freeze, Dex+7}
  8313 | D:7      | Noticed a cyclops
  8439 | D:7      | Learned a level 5 spell: Summon Mana Viper
  8690 | D:7      | Noticed a two-headed ogre
  8714 | D:7      | Killed a two-headed ogre
  8715 | D:7      | Reached skill level 5 in Dodging
  8715 | D:7      | Reached skill level 5 in Hexes
  8715 | D:7      | Reached skill level 1 in Summonings
  8859 | D:7      | Killed a cyclops
  8860 | D:7      | Reached skill level 9 in Fighting
  8915 | D:7      | Noticed a purple ugly thing
  8945 | D:7      | Killed a purple ugly thing
  9072 | D:7      | Got the Papyrus of Darkness and Orientation
  9505 | D:8      | Reached **** piety under Lugonu
  9506 | D:8      | Reached XP level 10. HP: 91/91 MP: 14/14
 10204 | D:8      | Reached skill level 1 in Shields
 10267 | D:8      | Reached skill level 10 in Fighting
 10459 | D:9      | Found a runed translucent door.
 10466 | D:9      | Noticed a sixfirhy
 10505 | D:9      | Noticed a two-headed ogre
 10506 | D:9      | Found a transporter.
 10512 | D:9      | Found a transporter.
 10512 | D:9      | Noticed emiel's ghost (novice DsBe)
 11239 | D:10     | Entered Level 10 of the Dungeon
 11245 | D:10     | Noticed a gargoyle
 11269 | D:10     | Killed a gargoyle
 11714 | D:10     | Reached skill level 1 in Evocations
 11859 | D:10     | Noticed a two-headed ogre
 11866 | D:10     | Killed a two-headed ogre
 12009 | D:10     | Reached XP level 11. HP: 99/101 MP: 16/16
 12253 | D:10     | Noticed a two-headed ogre
 12263 | D:10     | Killed a two-headed ogre
 12505 | D:10     | Noticed a phantasmal warrior
 12505 | D:10     | Noticed a centaur warrior
 12527 | D:10     | Noticed a phantasmal warrior
 12528 | D:10     | Slain by a phantasmal warrior

Illustrated notes

Levels and vault maps discovered:
D:1:      dpeg_arrival_tiny_i, layout_basic, chequers_ecumenical_altar_simple
D:2:      layout_loops_corners, basic_altar, minmay_misc_feat_diagonals,
          minivault_5
D:3:      layout_basic, serial_shops, shop
D:4:      layout_rooms, elyvilon_altar_1, minmay_temple_entry_gardened_gates,
          grunt_tough_drop
D:5:      layout_cave_pods, abandoned_shop
D:6:      layout_basic, uniq_duvessa, uniq_eustachio
D:7:      layout_rooms, corexii_checkpoint_a, nrook_mini_vaults,
          roderic_roman_lattice, kb_rosetta
D:8:      layout_rooms, worms_lemuel
D:9:      cheibrodos_shockbox, layout_rooms, gammafunk_ghost_arena,
          chequers_serial_rivers_micro_b
D:10:     layout_small_grid, hellmonk_guarded_unrand_seven_league_boots

Skill      XL: |  1  2  3  4  5  6  7  8  9 10 11 |
---------------+----------------------------------+-----
Fighting       | 4 5 6 8 9 10 | 10.9
Spellcasting   | 1 |  1.2
Invocations    | 3 4 5 6 7 |  7.5
Hexes          | 1 2 3 4 5 6 7 |  7.0
Axes           | 3 4 5 6 7 |  7.1
Dodging        | 3 4 5 6 |  6.4
Earth Magic    | 1 |  1.0
Transmutations | 1 |  1.0
Summonings     | 2 4 |  4.3
Shields        | 2 3 |  3.0
Evocations     | 1 2 |  2.3

Action                   |  1- 3 |  4- 6 |  7- 9 | 10-12 || total
-------------------------+-------+-------+-------+-------++-------
Melee: Hand axe          |   140 |   156 |   360 |   400 ||  1056
       Tailslap          |    14 |    14 |    50 |    61 ||   139
Throw: Stone             |    30 |       |       |       ||    30
       Boomerang         |     4 |    22 |    20 |     7 ||    53
       Dart              |       |     6 |       |       ||     6
 Cast: Tukima's Dance    |       |     2 |    20 |    17 ||    39
Invok: Bend Space        |       |     2 |       |       ||     2
 Abil: Breathe Dispellin |       |       |     1 |       ||     1
Evoke: Wand              |       |       |     1 |     2 ||     3
  Use: Potion            |       |     1 |     1 |     1 ||     3
       Scroll            |       |     7 |    15 |     2 ||    24
 Stab: Sleeping          |     1 |       |       |     1 ||     2
       Distracted        |       |       |       |     2 ||     2
Armor: Skin              |    43 |    56 |   178 |   170 ||   447
Dodge: Dodged            |    91 |   104 |   232 |   195 ||   622
Block: Other             |       |       |   101 |     3 ||   104
       Reflection        |       |       |     4 |     4 ||     8
       Buckler           |       |       |       |   191 ||   191

Table legend: (Time is in decaauts)
 A = Elapsed time spent in this place.
 B = Non-inter-level travel time spent in this place.
 C = Inter-level travel time spent in this place.
 D = Time resting spent in this place.
 E = Time spent auto-exploring this place.
 F = Levels seen in this place.
 G = Mean time per level.
                   A        B        C        D        E       F      G
               +--------+--------+--------+--------+--------+-----+--------+
         Total |  12669 |  12466 |    203 |   1656 |   8186 |  11 | 1151.7 |
       Dungeon |  12664 |  12461 |    203 |   1656 |   8186 |  10 | 1266.4 |
         Abyss |      5 |      5 |      0 |      0 |      0 |   1 |    5.0 |
               +--------+--------+--------+--------+--------+-----+--------+

Top non-repeatable levels by time:
     D:3: 1799 daAuts
     D:2: 1445 daAuts
     D:1: 1386 daAuts
     D:7: 1364 daAuts
    D:10: 1292 daAuts
     D:9: 1256 daAuts
     D:5: 1237 daAuts
     D:4: 1210 daAuts
     D:6: 882 daAuts
     D:8: 792 daAuts
 Abyss:1: 5 daAuts
